 Dungeon Crawl Stone Soup version 0.21.1-1-g345015f (webtiles) character file.

683 inc the Blocker (level 7, -4/46 HPs)
             Began as an Octopode Fighter on June 13, 2018.
             Slain by an orc wizard
             ... wielding a +0 dagger
              (5 damage)
             ... on level 5 of the Dungeon.
             The game lasted 00:05:29 (3736 turns).

inc the Blocker (Octopode Fighter)                  Turns: 3736, Time: 00:05:30

Health: -4/46      AC:  1    Str: 16    XL:     7   Next: 61%
Magic:  7/7        EV: 13    Int: 10    God:
Gold:   285        SH: 11    Dex: 13    Spells: 6/6 levels left

rFire    . . .     SeeInvis .     - Unarmed
rCold    + . .     Gourm    .   a - +0 shield
rNeg     . . .     Faith    .   (helmet restricted)
rPois    .         Spirit   .   v - amulet of regeneration
rElec    .         Reflect  .   e - ring of wizardry
rCorr    .         Harm     .   n - ring of protection from cold
MR       .....                  (no ring)
Stlth    ++........             (no ring)
HPRegen  0.55/turn              (no ring)
MPRegen  0.10/turn              (no ring)
                                (no ring)
                                (no ring)

@: flying
A: almost no armour, stealthy swim, amphibious, 8 rings, constrict 8, camouflage
1, gelatinous body 1
a: no special abilities


You were on level 5 of the Dungeon.
You were hungry.

You visited 1 branch of the dungeon, and saw 5 of its levels.

You collected 285 gold pieces.

Inventory:

Hand Weapons
 b - a +0 blowgun
Missiles
 u - 11 poisoned needles
Armour
 a - a +0 shield (worn)
Jewellery
 e - a ring of wizardry (left tentacle)
 n - a ring of protection from cold (right tentacle)
 v - an amulet of regeneration (around mantle)
Scrolls
 d - 2 scrolls of remove curse {unknown}
 j - 2 scrolls of fog {unknown}
 l - 3 scrolls of teleportation {unknown}
 m - a scroll of noise {unknown}
 p - a scroll of amnesia {unknown}
 q - 6 scrolls of identify {unknown}
 s - a scroll of blinking {unknown}
 t - 2 scrolls of random uselessness {unknown}
Potions
 g - a potion of berserk rage {unknown}
 h - a potion of curing
 i - a potion of magic {unknown}
 k - 3 potions of haste
 o - a potion of resistance {unknown}
Books
 r - a book of Changes

   Spells                             Type                      Level
   a - Beastly Appendage              Transmutation                1
   b - Sticks to Snakes               Transmutation                2
   c - Spider Form                    Transmutation/Poison         3
   d - Ice Form                       Ice/Transmutation            4
   e - Blade Hands                    Transmutation                5
Comestibles
 c - 5 rations


   Skills:
 - Level 3.0 Fighting
 - Level 3.0 Dodging
 + Level 8.7 Shields
 - Level 2.0 Unarmed Combat


You had 6 spell levels left.
You didn't know any spells.

Dungeon Overview and Level Annotations

Branches:
Dungeon (5/15)
 Temple: D:4-7

Altars:
Kikubaaqudgha

Annotations:
D:3 sking99's ghost, amateur HOMo


Innate Abilities, Weirdness & Mutations

You cannot wear most types of armour.
You are very stealthy in the water. (Stealth+)
You are amphibious.
You can wear up to eight rings at the same time.
You can use your tentacles to constrict eight enemies at once.
Your skin changes colour to match your surroundings (Stealth+).
Your rubbery body absorbs attacks. (AC +1, EV +1)


Message History

Something hits you.
* * * LOW HITPOINT WARNING * * *
Unknown command.
You tentacle-slap the orc priest. You grab the orc priest.
You squeeze the orc priest!
The orc priest is almost dead.
You constrict the orc priest.
You kill the orc priest!
Something hits you.
* * * LOW HITPOINT WARNING * * *
You barely miss something. You squeeze something! Something hits you.
* * * LOW HITPOINT WARNING * * *
Unknown command.
You tentacle-slap something but do no damage.
You hear some strange, mumbled words.
A magic dart appears from out of thin air!
The magic dart hits you!
* * * LOW HITPOINT WARNING * * *
Something hits you.
You die...

#.###...###
####.....)#..#
##....####....#
#..##.####..###
#.............#####
#<###..>..........##
### ######.........#
#.........##
#.....@)...#
#.....{).#..#
#......?.# .#
#..........
#########... .....
####


There were no monsters in sight!

Vanquished Creatures
  The ghost of tidbits the Sneak, an amateur GnEn (D:4)
  A bullfrog zombie (D:5)
  4 hounds (D:4)
  2 orc priests (D:5)
  A centaur skeleton (D:4)
  2 orc wizards (D:4)
  A worker ant (D:4)
  A howler monkey zombie (D:5)
  4 gnolls (D:3)
  6 adders
  An ooze (D:1)
  An adder skeleton (D:4)
  A dart slug (D:1)
  2 leopard geckos
  4 orcs
  6 bats
  5 giant cockroaches
  7 goblins
  6 hobgoblins
  10 jackals (D:4)
  4 kobolds
  A quokka (D:4)
  4 frilled lizards
  A jackal skeleton (D:4)
  A quokka skeleton (D:2)
  5 rats
82 creatures vanquished.

Notes
Turn   | Place    | Note
-------+----------+-------------------------------------------
     0 | D:1      | inc the Octopode Fighter began the quest for the Orb.
     0 | D:1      | Reached XP level 1. HP: 16/16 MP: 1/1
   292 | D:1      | Reached XP level 2. HP: 15/21 MP: 2/2
   398 | D:1      | Reached skill level 4 in Shields
   593 | D:1      | Reached XP level 3. HP: 26/26 MP: 3/3
  1307 | D:2      | Found an ancient bone altar of Kikubaaqudgha.
  1407 | D:2      | Reached XP level 4. HP: 30/31 MP: 4/4
  1448 | D:2      | Reached skill level 5 in Shields
  1936 | D:3      | Noticed sking99's ghost (amateur HOMo)
  2209 | D:3      | Reached XP level 5. HP: 20/36 MP: 5/5
  2719 | D:4      | Reached skill level 6 in Shields
  2976 | D:4      | Reached XP level 6. HP: 30/42 MP: 6/6
  3163 | D:4      | Reached skill level 7 in Shields
  3244 | D:4      | Noticed tidbits's ghost (amateur GnEn)
  3281 | D:4      | HP: 1/42 [tidbits's ghost/spray of energy (17)]
  3287 | D:4      | Killed tidbits's ghost
  3287 | D:4      | Reached skill level 8 in Shields
  3287 | D:4      | Reached XP level 7. HP: 9/46 MP: 7/7
  3614 | D:5      | Entered Level 5 of the Dungeon
  3736 | D:5      | HP: 1/46 [something/magic dart (5)]
  3736 | D:5      | Slain by an orc wizard

Skill      XL: |  1  2  3  4  5  6 |
---------------+-------------------+-----
Shields        | 4 5 6 8 |  8.7
Fighting       | |  3.0
Dodging        | |  3.0
Unarmed Combat | |  2.0

Action                   |  1- 3 |  4- 6 |  7- 9 || total
-------------------------+-------+-------+-------++-------
Melee: Unarmed           |    68 |   110 |    36 ||   214
       Constrict         |    21 |    34 |     9 ||    64
       Tentacles         |    13 |    26 |    18 ||    57
       Punch             |       |     3 |     2 ||     5
  Use: Potion            |       |     2 |     1 ||     3
 Stab: Sleeping          |     3 |     5 |     1 ||     9
  Eat: Chunk             |     1 |     6 |     1 ||     8
Armor: Skin              |     4 |     4 |       ||     8
Dodge: Dodged            |    30 |    56 |    12 ||    98
Block: Shield            |    25 |    51 |    14 ||    90
